 Dungeon Crawl Stone Soup version 0.21.1-1-g345015f (webtiles) character file.

71 inc the Scratcher (level 4, -6/19 HPs)
             Began as a Felid Transmuter on Mar 6, 2018.
             Killed from afar by an orc wizard (8 damage)
             ... with a puff of frost
             ... on level 3 of the Dungeon.
             The game lasted 00:04:24 (3450 turns).

inc the Scratcher (Felid Transmuter)                Turns: 3450, Time: 00:04:25

Health: -6/19      AC:  1    Str:  6    XL:     4   Next: 5%
Magic:  8/8        EV: 18    Int: 20    God:
Gold:   98         SH:  0    Dex: 16    Spells: 6/7 levels left
                                        Lives:  0   Deaths: 1

rFire    . . .     SeeInvis +     - Unarmed
rCold    . . .     Gourm    .   (shield unavailable)
rNeg     . . .     Faith    .   (armour unavailable)
rPois    .         Spirit   .   (helmet unavailable)
rElec    .         Reflect  .   (cloak unavailable)
rCorr    .         Harm     .   (gloves unavailable)
MR       .....                  (boots unavailable)
Stlth    ++........             f - amulet of rage
HPRegen  0.06/turn              h - +5 ring of intelligence
MPRegen  0.11/turn              (no ring)

@: quick
A: very small, no armour, no weapons or thrown items, stealth, claws 1, fangs 3,
see invisible, carnivore, speed 1, shaggy fur 1, slow metabolism 1, sharp paws
a: Evoke Berserk Rage


You were on level 3 of the Dungeon.
You were not hungry.

You visited 1 branch of the dungeon, and saw 3 of its levels.

You collected 98 gold pieces.

Inventory:

Missiles
 a - 24 arrows
Jewellery
 f - an amulet of rage (around neck)
 h - a +5 ring of intelligence (left paw)
Scrolls
 d - 3 scrolls of identify
 e - a scroll of fog {unknown}
 g - a scroll of magic mapping {unknown}
 i - 4 scrolls of fear {unknown}
Books
 b - a book of Changes

   Spells                             Type                      Level
   a - Beastly Appendage              Transmutation                1
   b - Sticks to Snakes               Transmutation                2
   c - Spider Form                    Transmutation/Poison         3
   d - Ice Form                       Ice/Transmutation            4
   e - Blade Hands                    Transmutation                5
Comestibles
 c - a ration


   Skills:
 - Level 1.0 Fighting
 - Level 2.6 Dodging
 + Level 5.7 Unarmed Combat
 - Level 2.0 Spellcasting
 - Level 2.1 Transmutations


You had 6 spell levels left.
You knew the following spells:

 Your Spells              Type           Power        Failure   Level  Hunger
a - Beastly Appendage     Tmut           ##....       6%          1    #......


Dungeon Overview and Level Annotations

Branches:
Dungeon (3/15)

Altars:
Yredelemnul


Innate Abilities, Weirdness & Mutations

You cannot wear armour.
You are incapable of wielding weapons or throwing items.
Your paws allow you to move quietly. (Stealth)
You have sharp claws.
You have razor-sharp teeth.
You have supernaturally acute eyesight. (SInv)
You are carnivorous and can eat meat at any time.
You cover ground quickly.
You are covered in fur. (AC +1)
You have a slow metabolism.
Your sharp claws are effective at attacking unaware monsters.


Message History

The leopard gecko hisses angrily.
The leopard gecko closely misses you.
You miss the leopard gecko. Your bite misses the leopard gecko.
The leopard gecko barely misses you.
A leopard gecko is nearby!
You claw the leopard gecko!
You kill the leopard gecko!
The orc wizard shouts!
The orc wizard gestures at you while chanting.
The puff of flame hits you!
Ouch! That really hurt!
An orc wizard is nearby!
The orc wizard begins to cast a cantrip, but forgets the words!
The orc wizard gestures at you while chanting.
The magic dart hits you!
* * * LOW HITPOINT WARNING * * *
You aren't carrying any potions.
The orc wizard points at you and mumbles some strange words.
The puff of frost hits you!
You die...

### ######.########
#....#.........
#.##...........
##.##.#.........
#######.o.....########
#...........### #.#
#....@......###### #.#
.......(......†....###.#
...####.(...†....##.....
.. ####.##........#.#
.............>...#
..................
###########.....#†.
#####+#[.....
#...........#


You could see an orc wizard.

Vanquished Creatures
  A scorpion (D:2)
  3 adders
  A worm (D:3)
  4 leopard geckos
  4 orcs
  A ball python (D:2)
  4 bats
  2 giant cockroaches
  7 hobgoblins
  8 kobolds
  A quokka (D:2)
  3 frilled lizards
  2 gnoll zombies (D:2)
  8 goblins
  A rat (D:3)
50 creatures vanquished.

Notes
Turn   | Place    | Note
-------+----------+-------------------------------------------
     0 | D:1      | inc the Felid Transmuter began the quest for the Orb.
     0 | D:1      | Reached XP level 1. HP: 9/9 MP: 4/4
   531 | D:2      | Reached XP level 2. HP: 7/12 MP: 4/6
  1084 | D:2      | Reached skill level 4 in Unarmed Combat
  1251 | D:2      | Reached XP level 3. HP: 14/15 MP: 7/7
  1330 | D:2      | Noticed a scorpion
  1339 | D:2      | Killed a scorpion
  1339 | D:2      | Reached skill level 5 in Unarmed Combat
  1339 | D:2      | Reached XP level 4. HP: 15/19 MP: 6/8
  1974 | D:2      | Found a basalt altar of Yredelemnul.
  3318 | D:3      | Killed from afar by an orc wizard
  3319 | D:3      | Reached XP level 3. HP: -1/15 MP: 7/7
  3383 | D:3      | Reached XP level 4. HP: 19/19 MP: 8/8
  3450 | D:3      | Killed from afar by an orc wizard

Skill      XL: |  1  2  3 |
---------------+----------+-----
Unarmed Combat | 4 5 |  5.7
Fighting       | |  1.0
Dodging        | |  2.6
Spellcasting   | |  2.0
Transmutations | |  2.1

Action                   |  1- 3 |  4- 6 || total
-------------------------+-------+-------++-------
Melee: Unarmed           |   100 |    79 ||   179
       Bite              |     9 |     3 ||    12
       Headbutt          |     5 |     1 ||     6
       Punch             |     2 |     2 ||     4
 Cast: Beastly Appendage |     5 |     1 ||     6
  Use: Scroll            |       |     1 ||     1
       Potion            |       |     1 ||     1
 Stab: Sleeping          |     2 |     4 ||     6
  Eat: Chunk             |     3 |     1 ||     4
Armor: Skin              |     3 |     6 ||     9
Dodge: Dodged            |    82 |    51 ||   133
